 Dungeon Crawl Stone Soup version 0.30-a0-137-gd8773701ce (webtiles) character file.

Game seed: 9139331072283663716

25566 juncz the Warrior (level 13, -18/108 HPs)
             Began as a Djinni Conjurer on Sept 21, 2022.
             Was an Elder of Makhleb.
             Demolished by a boulder beetle (23 damage)
             ... on level 12 of the Dungeon.
             The game lasted 00:45:24 (20068 turns).

juncz the Warrior (Djinni Conjurer)                Turns: 20068, Time: 00:45:25

Health: -18/108    AC:  8    Str:  2    XL:     13   Next: 51%
Gold:   725        EV: 12    Int: 28    God:    Makhleb [****..] SH:  0 Dex: 12

rFire   + + .      SeeInvis .    k - +0 hand axe (holy)
rCold   x . .      Faith    .    (no shield)
rNeg    . . .      Spirit   .    l - +4 robe "Jetzar Jose" {rElec Str-4 Int+3 Stlth+}
rPois   ∞          Reflect  .    r - +1 hat
rElec   +          Harm     .    x - +0 cloak
rCorr   .          Rampage  .    (no gloves)
Will    +....                    (boots unavailable)
Stlth   +++.......               (no amulet)
HPRegen 0.28/turn                m - ring of wizardry
MPRegen 0.00/turn                N - +4 ring of protection

@: brilliant, corroded, flying
A: sickness immunity, fire resistance 2, cold vulnerability 1, float, innate
caster, HP casting, extra vitality 1
a: Renounce Religion, Minor Destruction, Lesser Servant of Makhleb, Major
Destruction


You were on level 12 of the Dungeon.
You worshipped Makhleb.
Makhleb was greatly pleased with you.
You visited 2 branches of the dungeon, and saw 15 of its levels.
You also visited: Sewer.

You collected 725 gold pieces.

Inventory:

Hand Weapons
 k - a +0 hand axe of holy wrath (weapon)
Missiles
 v - 2 throwing nets
Armour
 a - a +0 robe
 l - the +4 robe "Jetzar Jose" (worn) {rElec Str-4 Int+3 Stlth+}
   (You found it on level 2 of the Dungeon)

   Str:       It affects your strength (-4).
   Int:       It affects your intelligence (+3).
   rElec:     It insulates you from electricity.
   Stlth:     It makes you more stealthy.
 r - a +1 hat (worn)
 x - a +0 cloak (worn)
 C - a +2 buckler
 E - the +7 Kryia's mail coat {PotionHeal*2 rC+}
   (You found it on level 6 of the Dungeon)

   Potions are twice as effective at healing its wearer.
   rC:        It protects you from cold.
 I - a +0 kite shield
 J - +0 steam dragon scales
Magical Staves
 b - a staff of earth
Jewellery
 m - a ring of wizardry (left hand)
 D - a +4 ring of slaying
 M - a ring of wizardry
 N - a +4 ring of protection (right hand)
 V - an amulet of reflection
Wands
 q - a wand of iceblast (11)
 F - a wand of polymorph (17)
 K - a wand of flame (24)
 P - a wand of paralysis (4)
 R - a wand of light (2)
Scrolls
 g - 3 scrolls of noise
 h - 3 scrolls of enchant weapon
 n - a scroll of silence
 o - 3 scrolls of butterflies
 p - 2 scrolls of summoning
 w - 2 scrolls of magic mapping
 y - 2 scrolls of teleportation
 z - a scroll of enchant armour
 B - 2 scrolls of vulnerability
 G - a scroll of immolation {unknown}
 O - 2 scrolls of blinking {unknown}
 S - 2 scrolls of identify
 U - a scroll of fear {unknown}
 W - a scroll of poison {unknown}
Potions
 c - 3 potions of haste {unknown}
 d - 6 potions of might
 e - a potion of flight {unknown}
 f - a potion of berserk rage {unknown}
 i - 6 potions of curing
 j - a potion of invisibility {unknown}
 s - 2 potions of attraction {unknown}
 t - 3 potions of brilliance
 u - 5 potions of heal wounds {unknown}
 A - 2 potions of magic {unknown}
 H - 5 potions of mutation {unknown}
 L - a potion of ambrosia {unknown}
 Q - a potion of degeneration {unknown}
 T - 2 potions of lignification {unknown}


   Skills:
 + Level 15.4 Fighting
 - Level 2.1 Dodging
 - Level 1.5 Stealth
 + Level 12.5 Spellcasting


You had 3 spell levels left.
You knew the following spells:

 Your Spells              Type           Power      Damage    Failure   Level
a - Magic Dart            Conj           100%       1d8       0%          1
b - Searing Ray           Conj           100%       2d8       1%          2
c - Dazzling Flash        Conj/Hex       100%       N/A       1%          3
d - Fulminant Prism       Conj/Hex       46%        3d21      1%          4
e - Iskenderun's Mystic   Conj/Tloc      93%        2d18      1%          4
f - Slow                  Hex            100%       N/A       0%          1
g - Call Imp              Summ           93%        N/A       1%          2
h - Frozen Ramparts       Ice            100%       1d16      1%          3
i - Summon Ice Beast      Ice/Summ       93%        N/A       1%          4
j - Irradiate             Conj/Tmut      46%        3d27      1%          5
k - Iskenderun's Battles  Conj           93%        2d14      1%          5
Your spell library was empty.

Dungeon Overview and Level Annotations

Branches:
Dungeon (14/15)            Temple (1/1) D:7            Lair (0/5) D:8
    Orc (0/2) D:9           Sewer (visited)
 Vaults: D:13-14

Altars:
Ashenzari
Cheibriados
Dithmenos
Elyvilon
Fedhas
Gozag
Hepliaklqana
Makhleb
Nemelex Xobeh
Okawaru
Qazlal
Ru
Trog
Uskayaw
Wu Jian
Xom
Yredelemnul
Zin
The Shining One

Shops:
D:1 (   D:2 !

Annotations:
D:14 1 transporter


Innate Abilities, Weirdness & Mutations

You are immune to sickness and miasma.
You are immune to poison.
Your flesh is very heat resistant. (rF++)
You are vulnerable to cold. (rC-)
You float through the air rather than walking.
You learn spells naturally, not from books.
Your magical power is your life essence.
You have superior vitality. (+4 MHP)


Message History

The boulder beetle curls into a ball and begins rolling!
You see here 19 gold pieces.
The boulder beetle hits you!!
The boulder beetle stops rolling and uncurls.
Casting: Iskenderun's Mystic Blast (safe; 1% risk of failure)
Confirm with . or Enter, or press ? or * to list all spells.
You erupt in a blast of force!
The mystic blast hits the boulder beetle but does no damage.
The boulder beetle waves its antennae.
The boulder beetle closely misses you.
Casting: Iskenderun's Mystic Blast (safe; 1% risk of failure)
Confirm with . or Enter, or press ? or * to list all spells.
You erupt in a blast of force!
The mystic blast hits the boulder beetle!
The boulder beetle is lightly wounded.
The boulder beetle is knocked back by the mystic blast.
The boulder beetle slams into the rock wall!
Casting: Iskenderun's Mystic Blast (safe; 1% risk of failure)
Confirm with . or Enter, or press ? or * to list all spells.
You conjure a globe of magical energy.
The boulder beetle curls into a ball and begins rolling!
Casting: Iskenderun's Battlesphere (mildly dangerous; 1% risk of failure)
Confirm with . or Enter, or press ? or * to list all spells.
You erupt in a blast of force!
The mystic blast hits the boulder beetle but does no damage.
The boulder beetle is lightly wounded.
Your battlesphere fires!
The barrage of energy hits the boulder beetle.
The boulder beetle is lightly wounded.
The boulder beetle hits you!!!
* * * LOW HITPOINT WARNING * * *
The boulder beetle stops rolling and uncurls.
Aiming: Paralyse
Press: ? - help, Shift-Dir - straight line, f - boulder beetle
Aim: a boulder beetle (lightly wounded, ally target, chance to affect: 31%)
Okay, then.
It was a potion of brilliance.
You feel clever all of a sudden. The boulder beetle bites you!!
You die...

#.....# #......# #.....#
..#.#°... #.....# #+#
#.#..°.. #.....# ...
#.#.°.. #######.....# ...
#.#..○ ............# ...
#.#..#############....# .
#.#........... #....#
#.#.$B@....... #.####
#............. #.#
########........... #.#
........*#+#....... #.#
..#........###+########.#
#.....................#
#.................#####
#.................# ###
####.................#


You could see a boulder beetle (ally target) and a friendly battlesphere.

Vanquished Creatures
  The ghost of NinjaNoafa the Trooper, a journeyman OgCA of Ignis (D:11)
  A centaur warrior (D:10)
  2 two-headed ogres
  4 skeletal warriors (D:13)
  An ugly thing (D:13)
  An orc knight (D:10)
  2 manticores
  5 cyclopes
  Joseph (D:7)
  2 centaur zombies (D:11)
  Maggie (D:7)
  A kobold demonologist (D:10)
  An unseen horror (D:11)
  A tengu conjurer (D:13)
  4 trolls
  2 polar bears (D:8)
  Grinder (D:4)
  A hornet (D:9)
  A wolf spider simulacrum (D:11)
  Prince Ribbit (D:7)
  A dream sheep (D:8)
  A shadow (D:11)
  A vampire (D:10)
  Eustachio (D:6)
  4 wraiths
  30 yaks
  6 wyverns
  A basilisk (D:12)
  4 vampire mosquitoes (D:11)
  3 steam dragons
  3 acid dragons
  2 water moccasins (D:5)
  Duvessa (D:7)
  An orc warrior (D:10)
  3 ice beasts
  A meliai simulacrum (D:11)
  2 sky beasts (D:7)
  6 black bears (D:8)
  2 ogres
  3 boggarts (D:13)
  Blork the orc (D:6)
  9 kobold brigands
  A gnoll sergeant (D:13)
  4 scorpions
  3 bullfrogs
  11 wights
  4 necrophages
  Dowan (D:7)
  9 killer bees (D:10)
  5 jellies
  A quasit (D:8)
  8 hounds
  4 orc priests
  Crazy Yiuf (D:4)
  8 orc wizards
  3 iguanas
  24 gnolls
  11 adders
  3 shadow imps (D:8)
  6 white imps
  3 ufetubi
  2 worms (D:2)
  3 dart slugs
  51 orcs
  7 endoplasms
  6 giant cockroaches
  8 goblins
  2 hobgoblins
  14 jackals
  8 quokkas
  9 ball pythons
  4 bats
  6 frilled lizards
  38 kobolds
  13 rats
  3 fulminant prisms
404 creatures vanquished.

Vanquished Creatures (collateral kills)
  A gnoll sergeant (D:4)
  An orc wizard (D:12)
  4 gnolls (D:4)
  4 orcs (D:4)
  A goblin (D:4)
  A jackal (D:4)
12 creatures vanquished.

Vanquished Creatures (others)
  3 demonic plants (D:8)
  12 fulminant prisms
  A fungus (Sewer)
  15 plants
31 creatures vanquished.

Grand Total: 447 creatures vanquished

Notes
Turn   | Place    | Note
-------+----------+-------------------------------------------
     0 | D:1      | juncz the Djinni Conjurer began the quest for the Orb.
     0 | D:1      | juncz set off with the following spells memorised: Magic
                  | Dart, Searing Ray, Dazzling Flash, Fulminant Prism,
                  | Iskenderun's Mystic Blast.
     0 | D:1      | Reached XP level 1. HP: 15/15 MP: 0/0
   249 | D:1      | Reached XP level 2. HP: 18/22 MP: 0/0
   252 | D:1      | Reached skill level 1 in Fighting
   565 | D:1      | Found Onegufra's Antique Weapon Emporium.
   998 | D:2      | Reached XP level 3. HP: 23/28 MP: 0/0
   998 | D:2      | Learned a level 1 spell: Slow
  1059 | D:2      | Reached skill level 2 in Fighting
  1061 | D:2      | Identified the +4 robe "Jetzar Jose" {rElec Str-4 Int+3
                  | Stlth+}
  1170 | D:2      | Reached XP level 4. HP: 26/33 MP: 0/0
  1355 | D:2      | Found Tong's Distillery.
  1741 | D:2      | Found a faded altar of an unknown god.
  2112 | D:2      | Reached XP level 5. HP: 36/40 MP: 0/0
  2112 | D:2      | Learned a level 2 spell: Call Imp
  2495 | D:3      | Reached skill level 3 in Fighting
  2701 | D:3      | Found a hazy altar of Hepliaklqana.
  3415 | D:3      | Reached XP level 6. HP: 38/46 MP: 0/0
  3823 | D:3      | Found a shadowy altar of Dithmenos.
  4055 | D:3      | Found a blossoming altar of Fedhas.
  4057 | D:3      | Found a snail-covered altar of Cheibriados.
  4304 | D:4      | Noticed a yak
  4306 | D:4      | Noticed a yak
  4307 | D:4      | Noticed a yak
  4309 | D:4      | Reached skill level 4 in Fighting
  4311 | D:4      | Killed a yak
  4312 | D:4      | Reached XP level 7. HP: 41/53 MP: 0/0
  4312 | D:4      | Learned a level 3 spell: Frozen Ramparts
  4314 | D:4      | Noticed a yak
  4315 | D:4      | Noticed a yak
  4316 | D:4      | Killed a yak
  4317 | D:4      | Reached skill level 5 in Fighting
  4317 | D:4      | Reached skill level 5 in Spellcasting
  4319 | D:4      | Killed a yak
  4322 | D:4      | Killed a yak
  4323 | D:4      | Reached XP level 8. HP: 23/61 MP: 0/0
  4323 | D:4      | Killed a yak
  4324 | D:4      | Reached skill level 6 in Fighting
  5345 | D:4      | Noticed Grinder
  5347 | D:4      | Reached skill level 7 in Fighting
  5350 | D:4      | Killed Grinder
  5351 | D:4      | Reached XP level 9. HP: 33/68 MP: 0/0
  5351 | D:4      | Learned a level 4 spell: Summon Ice Beast
  6822 | D:4      | Reached skill level 8 in Fighting
  6953 | D:4      | Found an iron altar of Okawaru.
  7017 | D:4      | Found a runed translucent door.
  7018 | D:4      | Noticed Crazy Yiuf
  7024 | D:4      | Killed Crazy Yiuf
  7121 | D:5      | Entered Level 5 of the Dungeon
  7132 | D:5      | Found a shimmering altar of Xom.
  7279 | D:5      | Found a white marble altar of Elyvilon.
  7313 | D:5      | Found a glowing silver altar of Zin.
  7352 | D:5      | Found a glowing drain.
  7361 | Sewer    | Entered a sewer
  8325 | D:5      | Found a basalt altar of Yredelemnul.
  8610 | D:5      | Reached skill level 9 in Fighting
  8900 | D:5      | Reached XP level 10. HP: 69/78 MP: 0/0
  9212 | D:6      | Noticed Eustachio
  9220 | D:6      | Killed Eustachio
  9221 | D:6      | Noticed Blork the orc
  9233 | D:6      | Killed Blork the orc
  9706 | D:6      | Found the +7 Kryia's mail coat {PotionHeal*2 rC+}
  9772 | D:6      | Upgraded the game from 0.30-a0-135-g630cfc4551 to
                  | 0.30-a0-137-gd8773701ce
 10110 | D:7      | Found a staircase to the Ecumenical Temple.
 10121 | Temple   | Entered the Ecumenical Temple
 10135 | Temple   | Became a worshipper of Makhleb the Destroyer
 10179 | D:7      | Noticed Duvessa
 10179 | D:7      | Noticed Dowan
 10192 | D:7      | Killed Duvessa
 10192 | D:7      | Killed Dowan
 10193 | D:7      | Reached skill level 10 in Fighting
 10683 | D:7      | Noticed Maggie
 10697 | D:7      | Killed Maggie
 11197 | D:7      | Noticed Prince Ribbit
 11205 | D:7      | Killed Prince Ribbit
 11549 | D:7      | Noticed Joseph
 11563 | D:7      | Killed Joseph
 11786 | D:7      | Found a stormy altar of Qazlal.
 11980 | D:8      | Reached skill level 11 in Fighting
 11982 | D:8      | Reached XP level 11. HP: 65/87 MP: 0/0
 11982 | D:8      | Learned a level 5 spell: Irradiate
 12105 | D:8      | Found a huge runed translucent gate.
 12106 | D:8      | Found a huge runed translucent gate.
 12106 | D:8      | Found a huge runed translucent gate.
 12106 | D:8      | Found a huge runed translucent gate.
 12107 | D:8      | Noticed a manticore
 12411 | D:8      | Reached * piety under Makhleb
 12656 | D:8      | Found a staircase to the Lair.
 12727 | D:8      | Found an opulent altar of Gozag.
 13072 | D:8      | Found a sparkling altar of Nemelex Xobeh.
 13440 | D:8      | Reached skill level 12 in Fighting
 13441 | D:8      | Reached skill level 10 in Spellcasting
 13443 | D:8      | Killed a manticore
 14007 | D:9      | Reached ** piety under Makhleb
 14223 | D:9      | Found a staircase to the Orcish Mines.
 15073 | D:10     | Entered Level 10 of the Dungeon
 15107 | D:10     | Reached XP level 12. HP: 51/96 MP: 0/0
 15458 | D:10     | You are sucked into a shaft and drop 3 floors!
 15667 | D:13     | Noticed a boulder beetle
 15676 | D:13     | Noticed a catoblepas
 15696 | D:13     | Reached skill level 13 in Fighting
 16032 | D:13     | Noticed a skeletal warrior
 16032 | D:13     | Noticed a skeletal warrior
 16033 | D:13     | Noticed a skeletal warrior
 16035 | D:13     | Noticed a skeletal warrior
 16046 | D:13     | Killed a skeletal warrior
 16048 | D:13     | Killed a skeletal warrior
 16056 | D:13     | Killed a skeletal warrior
 16065 | D:14     | Found a transporter.
 16432 | D:13     | Killed a skeletal warrior
 17237 | D:11     | Found a runed translucent gate.
 17239 | D:11     | Found a runed translucent gate.
 17243 | D:11     | Found a runed translucent gate.
 17244 | D:11     | Noticed NinjaNoafa's ghost (journeyman OgCA)
 17252 | D:11     | Noticed a two-headed ogre
 17257 | D:11     | Reached *** piety under Makhleb
 17264 | D:11     | Reached skill level 14 in Fighting
 17264 | D:11     | Killed a two-headed ogre
 17285 | D:11     | Reached XP level 13. HP: 42/106 MP: 0/0
 17285 | D:11     | Learned a level 5 spell: Iskenderun's Battlesphere
 17895 | D:11     | Killed NinjaNoafa's ghost
 18270 | D:10     | Reached skill level 15 in Fighting
 18295 | D:10     | Noticed a centaur warrior
 18701 | D:10     | Reached **** piety under Makhleb
 18825 | D:10     | Found an ornate altar of the Wu Jian Council.
 19014 | D:10     | Killed a centaur warrior
 19524 | D:12     | Found a blossoming altar of Fedhas.
 20067 | D:12     | HP: 4/108 [boulder beetle (36)]
 20068 | D:12     | Demolished by a boulder beetle

Illustrated notes

Levels and vault maps discovered:
D:1:      heliophobic_arrival_ceremonial_halls, layout_rooms, serial_shops,
          shop, st_stairs_6, chequers_garden, chequers_serial_rivers_large_b
D:2:      layout_basic, ebering_ecumenical_altar_webs, serial_shops, shop
D:3:      layout_loops_ring, nicolae_overflow_hidden_temple,
          mainiacjoe_overflow_24_doors, mainiacjoe_overflow_chevrons
D:4:      lemuel_castle_with_subvaults [lemuel_castle_interior_carwin_3],
          layout_loops_ring, kennysheep_okawaru_gauntlet,
          nicolae_figureground_pulse, uniq_grinder, uniq_crazy_yiuf_cottage
D:5:      layout_basic, zin_academy, kennysheep_little_box,
          lemuel_crystal_altar, elyvilon_altar_3, gup_sewer_entry_pipe,
          st_stairs_6
D:6:      layout_basic, minmay_misc_feat_four_crosses, uniq_eustachio,
          uniq_blork_the_orc
D:7:      layout_basic, mainiacjoe_overflow_alcove_4,
          nicolae_qazlal_eye_of_the_storm, minmay_temple_entry_glassed_door,
          minmay_misc_feat_five, uniq_maggie, uniq_duvessa, uniq_joseph,
          uniq_prince_ribbit1
D:8:      lemuel_bear_cage, layout_basic, nemelex_xobeh_ov_fountains_minmay,
          nicolae_gozag_seed_capital, serial_demonic, serial_demonic_d,
          serial_demonic_d, serial_demonic_d, serial_demonic_b
D:9:      layout_loops_corners, orc_0_dummy
D:10:     minmay_chambers_of_sevens, layout_loops_ring,
          nicolae_wu_jian_immortal_techniques, hangedman_decor_opposing
D:11:     layout_rooms, gammafunk_ghost_necromancy
D:12:     layout_irregular_city, minivault_27, fedhas_altar_1
D:13:     layout_loops_ring, beargit_hepliaklqana_dungeon_heroes
D:14:     layout_basic, lightli_vaults_fourway_checkpoint,
          chequers_serial_rivers_micro_a, gammafunk_ghost_mausoleum,
          kennysheep_donut, nicolae_concentric_dashed_squares_wild,
          minmay_shop_chei
Temple:   hellmonk_temple_rainy

Skill      XL: |  1  2  3  4  5  6  7  8  9 10 11 12 13 |
---------------+----------------------------------------+-----
Fighting       | 1 2 3 4 5 7 9 11 12 14 15 | 15.4
Spellcasting   | 4 5 6 7 9 10 11 12 | 12.5
Dodging        | |  2.1
Stealth        | |  1.5

Action                   |  1- 3 |  4- 6 |  7- 9 | 10-12 | 13-15 || total
-------------------------+-------+-------+-------+-------+-------++-------
Melee: Hand axe          |       |       |     2 |     4 |       ||     6
 Cast: Magic Dart        |    56 |    85 |    48 |    12 |     4 ||   205
       Iskenderun's Myst |       |    17 |   102 |   239 |    53 ||   411
       Fulminant Prism   |       |    10 |     3 |     2 |       ||    15
       Frozen Ramparts   |       |       |     9 |     1 |       ||    10
       Searing Ray       |       |       |     1 |       |       ||     1
       Summon Ice Beast  |       |       |     7 |     1 |     3 ||    11
       Iskenderun's Batt |       |       |       |       |     8 ||     8
       Irradiate         |       |       |       |       |     4 ||     4
Evoke: Wand              |       |       |     1 |     4 |       ||     5
  Use: Potion            |       |       |     1 |       |     1 ||     2
       Scroll            |       |       |       |     9 |     1 ||    10
Armor: Robe              |     1 |     1 |     9 |    33 |     8 ||    52
Dodge: Dodged            |     2 |     7 |    18 |    60 |    15 ||   102

Table legend: (Time is in decaauts)
 A = Elapsed time spent in this place.
 B = Non-inter-level travel time spent in this place.
 C = Inter-level travel time spent in this place.
 D = Time resting spent in this place.
 E = Time spent auto-exploring this place.
 F = Levels seen in this place.
 G = Mean time per level.
                   A        B        C        D        E       F      G
               +--------+--------+--------+--------+--------+-----+--------+
         Total |  20069 |  19659 |    410 |   6170 |  11585 |  16 | 1254.3 |
       Dungeon |  19263 |  18853 |    410 |   5897 |  11145 |  14 | 1375.9 |
        Temple |     26 |     26 |      0 |      0 |      9 |   1 |   26.0 |
         Sewer |    778 |    778 |      0 |    273 |    431 |   1 |  778.0 |
               +--------+--------+--------+--------+--------+-----+--------+

Top non-repeatable levels by time:
     D:4: 2653 daAuts
     D:3: 2125 daAuts
     D:7: 1841 daAuts
    D:10: 1815 daAuts
     D:8: 1781 daAuts
     D:9: 1372 daAuts
    D:13: 1369 daAuts
     D:2: 1349 daAuts
     D:5: 1308 daAuts
     D:1: 992 daAuts
     D:6: 888 daAuts
    D:11: 824 daAuts
   Sewer: 778 daAuts
    D:12: 585 daAuts
    D:14: 355 daAuts
